AoeStats
← iAlejandrouae

Fortress

509722329Analyzed
4v4 RM · 4d ago on Sep 27, 2026· 28m 31s· 8 players
Game mode
Random Map
Map size
Huge
Population
200
Speed
Normal
Resources
Standard
Victory
Conquest
Starting age
Dark Age
Ending age
Imperial Age
RankedLock teamsTeams togetherTeam positionsShared explorationLock speedFull tech treeHidden civsTurbo modeCheats
Victory
Defeat
🇳🇴 Dravidians · Norway
1688
+12
🇳🇴 Saracens · Norway
1679
+13
🇮🇹 Japanese · Italy
1672
+13
🇦🇷 Sicilians · Argentina
1554
+18
🇺🇸 Bengalis · United States
1699
-18
🇺🇸 Persians · United States
1610
-14
🇷🇴 Britons · Romania
1575
-13
🇬🇧 Chinese · United Kingdom
1540
-11
Malekith
1:06 Loom
7:53 Feudal Age
11:43 Castle Age
9:49 Double-Bit Axe
10:35 Horse Collar
12:55 Heavy Plow
14:31 Bow Saw
20:30 Gold Mining
21:02 Fletching
21:39 Bodkin Arrow
24:55 Imperial Age
23:04 Ballistics
24:05 Stone Mining
25:37 Bracer
26:41 Chemistry
26:51 Padded Archer Armor
26:56 Elite Skirmisher
27:53 Leather Archer Armor
✪ Andrew0w
8:01 Feudal Age
11:33 Castle Age
9:54 Loom
10:07 Double-Bit Axe
10:05 Horse Collar
14:33 Heavy Plow
17:44 Bow Saw
19:16 Stone Mining
19:18 Gold Mining
20:33 Wheelbarrow
21:13 Town Watch
21:47 Hand Cart
26:17 Imperial Age
24:35 Treadmill Crane
25:17 Ballistics
24:50 Fletching
25:01 Padded Archer Armor
25:51 Gold Shaft Mining
26:22 Elite Longbowman
27:00 Bodkin Arrow
27:21 Leather Archer Armor
28:07 Chemistry
27:04 Murder Holes
27:28 Masonry
28:25 Bracer
28:55 Conscription
WraTH_27
7:14 Feudal Age
11:00 Castle Age
9:11 Horse Collar
9:31 Double-Bit Axe
11:45 Heavy Plow
14:55 Town Watch
18:53 Wheelbarrow
19:22 Loom
20:45 Bow Saw
21:13 Gold Mining
22:00 Hand Cart
25:42 Imperial Age
23:24 Scale Barding Armor
24:05 Forging
24:00 Husbandry
24:10 Bloodlines
24:25 Bloodlines
24:23 Light Cavalry
25:29 Chain Barding Armor
25:45 Iron Casting
27:02 Plate Barding Armor
27:15 Conscription
27:01 Paiks
28:49 Blast Furnace
Hyperion
7:01 Feudal Age
11:08 Castle Age
9:17 Double-Bit Axe
9:22 Horse Collar
17:00 Wheelbarrow
16:11 Town Watch
20:51 Bow Saw
21:34 Hand Cart
21:39 Heavy Plow
21:35 Gold Mining
26:01 Imperial Age
24:07 Scale Barding Armor
24:31 Bloodlines
24:21 Husbandry
25:21 Stone Mining
25:59 Chain Barding Armor
25:49 Forging
25:42 Heavy Camel Rider
27:04 Conscription
27:25 Loom
28:43 Two-Man Saw
28:20 Gold Shaft Mining
29:15 Plate Barding Armor
[Nors] OG DADDY
7:23 Feudal Age
11:05 Castle Age
9:16 Horse Collar
9:30 Double-Bit Axe
12:07 Bow Saw
15:55 Wheelbarrow
17:15 Bow Saw
22:14 Imperial Age
19:36 Loom
21:05 Fletching
21:16 Padded Archer Armor
21:26 Heavy Plow
21:54 Hand Cart
21:51 Bodkin Arrow
21:51 Elite Skirmisher
23:07 Bracer
24:39 Ballistics
26:46 Chemistry
26:29 Leather Archer Armor
28:20 Gold Mining
[Nors] Laksen ><(((º>
8:28 Feudal Age
12:01 Castle Age
10:19 Horse Collar
10:53 Double-Bit Axe
13:25 Bow Saw
13:24 Heavy Plow
18:02 Wheelbarrow
18:07 Loom
19:28 Hand Cart
21:18 Gold Mining
24:23 Imperial Age
22:22 Town Watch
23:32 Gold Shaft Mining
23:48 Scale Barding Armor
23:53 Forging
24:23 Husbandry
24:35 Bloodlines
24:50 Chain Barding Armor
25:14 Town Patrol
24:48 Heavy Camel Rider
26:08 Iron Casting
25:57 Conscription
26:55 Two-Man Saw
27:04 Plate Barding Armor
29:00 Blast Furnace
Dott_Berlu
7:38 Feudal Age
11:15 Castle Age
10:17 Double-Bit Axe
10:12 Horse Collar
12:26 Bow Saw
12:18 Heavy Plow
17:01 Wheelbarrow
16:11 Loom
19:18 Gold Mining
21:02 Gold Shaft Mining
20:18 Stone Mining
20:55 Hand Cart
24:56 Imperial Age
22:20 Elite Skirmisher
24:02 Ballistics
23:33 Fletching
23:44 Padded Archer Armor
24:39 Thumb Ring
24:33 Bodkin Arrow
25:32 Guard Tower
25:27 Arrowslits
25:44 Bracer
26:35 Leather Archer Armor
27:26 Conscription
28:00 Ring Archer Armor
28:40 Keep
28:16 Masonry
29:06 Chemistry
27:47 Treadmill Crane
29:52 Two-Man Saw
iAlejandrouae
7:55 Feudal Age
8:34 Horse Collar
11:32 Castle Age
9:38 Double-Bit Axe
12:27 Heavy Plow
16:53 Heavy Plow
18:32 Wheelbarrow
17:43 Town Watch
20:28 Gold Mining
20:25 Loom
20:55 Hand Cart
21:22 Stone Mining
22:27 Loom
25:32 Imperial Age
23:27 Masonry
23:10 Fletching
24:12 Scale Mail Armor
24:23 Forging
24:09 Bodkin Arrow
25:39 Ballistics
25:50 Squires
25:35 Arson
26:37 Chain Mail Armor
26:58 Iron Casting
27:11 Bow Saw
27:32 Crop Rotation
27:05 Bracer
26:52 Arrowslits
28:02 Conscription
28:09 Conscription
27:30 Pikeman
29:04 Plate Mail Armor
28:16 Halberdier
Connection lost

Rejoining the realm…

Still unreachable

The connection could not be restored.

Session expired

The server has moved on; the page needs a fresh start.